 Dungeon Crawl Stone Soup version 0.29-a0-668-g12ee2bf84d (webtiles) character file.

Game seed: 1613475997055536129

14109 DocClef the Blocker (level 12, -11/77 HPs)
             Began as a Gnoll Fighter on June 23, 2022.
             Was an Elder of Hepliaklqana.
             Killed by divine providence
             ... invoked by an orc priest
              (14 damage)
             ... on level 11 of the Dungeon.
             The game lasted 00:17:13 (12419 turns).

DocClef the Blocker (Gnoll Fighter)                Turns: 12419, Time: 00:17:14

Health: -11/77     AC: 19    Str: 19    XL:     12   Next: 13%
Magic:  19/22      EV: 13    Int:  9    God:    Hepliaklqana [****..]
Gold:   628        SH:  6    Dex: 14    Spells: 23/25 levels left

rFire   + . .      SeeInvis .   q - +10 falchion of Estune Zusy {flame, rF+ Stlth+}
rCold   + . .      Faith    .   c - +0 buckler
rNeg    . . .      Spirit   .   B - +3 ring mail "Tuvyhie" {Fly Will+ Str+2}
rPois   .          Reflect  .   (helmet restricted)
rElec   .          Harm     .   e - +0 cloak {Stlth+}
rCorr   .          Rampage  .   J - +2 pair of gloves {infuse}
Will    +....                   (no boots)
Stlth   +++++.....              f - amulet of magic regeneration
HPRegen 0.22/turn               m - ring of protection from cold
MPRegen 0.58/turn               y - +4 ring of protection

@: wereblooded (expiring), flying
A: reduced essence, fangs 1, strong nose, distributed training, horns 1, frail
1, wild magic 1
a: Renounce Religion, Recall Ancestor, Ancestor Identity, Transference, Idealise


You were on level 11 of the Dungeon.
You worshipped Hepliaklqana.
Hepliaklqana was greatly pleased with you.
You visited 2 branches of the dungeon, and saw 12 of its levels.
You also visited: Bailey.

You collected 692 gold pieces.
You spent 64 gold pieces at shops.

Inventory:

Hand Weapons
 a - a +1 flail
 q - the +10 falchion of Estune Zusy (weapon) {flame, rF+ Stlth+}
   (You found it on level 3 of the Dungeon)

   It burns those it strikes, dealing additional fire damage.
   Big, fiery blades are also staple armaments of hydra-hunters.
   rF:        It protects you from fire.
   Stlth:     It makes you more stealthy.
Missiles
 p - 10 curare-tipped darts (quivered)
 L - 4 throwing nets
Armour
 c - a +0 buckler (worn)
 e - a +0 cloak of stealth (worn)
 A - a +4 scale mail of cold resistance
 B - the +3 ring mail "Tuvyhie" (worn) {Fly Will+ Str+2}
   (You took it off an orc on level 4 of the Dungeon)

   Str:       It affects your strength (+2).
   Fly:       It grants you flight.
   Will:      It increases your willpower.
 J - a +2 pair of gloves of infusion (worn)
Jewellery
 f - an amulet of magic regeneration (around neck)
 m - a ring of protection from cold (left hand)
 y - a +4 ring of protection (right hand)
 C - a ring of poison resistance
 D - a +6 ring of intelligence
 E - an amulet of reflection
 H - a ring of protection from cold
Wands
 b - a wand of digging (8)
 z - a wand of charming (7)
 I - a wand of iceblast (9)
Scrolls
 g - a scroll of amnesia
 h - a scroll of identify
 i - 2 scrolls of enchant armour
 j - a scroll of summoning
 l - 4 scrolls of enchant weapon
 n - 6 scrolls of teleportation
 o - a scroll of fog
Potions
 d - 6 potions of might
 k - a potion of invisibility
 r - 2 potions of mutation
 s - 3 potions of haste
 t - 3 potions of brilliance
 u - 3 potions of curing
 v - 2 potions of magic
 w - a potion of ambrosia
 x - 2 potions of lignification
 F - 3 potions of heal wounds
 G - a potion of attraction
 K - a potion of resistance


   Skills:
 + Level 9.6 Fighting
 + Level 7.0 Short Blades
 + Level 7.0 Long Blades
 + Level 7.0 Axes
 + Level 8.4 Maces & Flails
 + Level 7.0 Polearms
 + Level 7.0 Staves
 + Level 7.0 Slings
 + Level 7.0 Bows
 + Level 7.0 Crossbows
 + Level 7.0 Throwing
 + Level 9.6 Armour
 + Level 7.0 Dodging
 + Level 7.0 Stealth
 + Level 9.6 Shields
 + Level 7.0 Unarmed Combat
 + Level 7.0 Spellcasting
 + Level 5.8 Conjurations
 + Level 5.8 Hexes
 + Level 5.8 Summonings
 + Level 5.8 Necromancy
 + Level 5.8 Translocations
 + Level 5.8 Transmutations
 + Level 5.8 Fire Magic
 + Level 5.8 Ice Magic
 + Level 5.8 Air Magic
 + Level 5.8 Earth Magic
 + Level 5.8 Poison Magic
 + Level 7.6 Invocations
 + Level 7.0 Evocations


You had 23 spell levels left.
You knew the following spells:

 Your Spells              Type           Power      Damage    Failure   Level
a - Wereblood             Tmut           17%        N/A       9%          2

Your spell library contained the following spells:

 Spells                   Type           Power      Damage    Failure   Level
 Blink                    Tloc           34%        N/A       9%          2
 Sublimation of Blood     Necr           17%        N/A       9%          2
 Confusing Touch          Hex            17%        N/A       16%         3
 Manifold Assault         Tloc           17%        N/A       77%         5
 Yara's Violent Unravell  Hex/Tmut       8%         3d5       77%         5
 Enfeeble                 Hex            8%         N/A       100%        7
 Storm Form               Tmut/Air       8%         N/A       100%        7
 Summon Hydra             Summ           8%         N/A       100%        7


Dungeon Overview and Level Annotations

Branches:
Dungeon (11/15)            Temple (1/1) D:7            Lair (0/6) D:9
    Orc (0/2) D:9          Bailey (visited)

Altars:
Ashenzari
Cheibriados
Dithmenos
Elyvilon
Fedhas
Gozag
Hepliaklqana
Kikubaaqudgha
Makhleb
Nemelex Xobeh
Okawaru
Qazlal
Ru
Sif Muna
Trog
Uskayaw
Vehumet
Wu Jian
Xom
Yredelemnul
Zin
The Shining One

Shops:
D:6 !   D:10 *

Annotations:
D:4 2 transporters


Innate Abilities, Weirdness & Mutations

Your life essence is reduced to manifest your ancestor. (-10% HP)
You have very sharp teeth.
Your uncanny sense of smell can sniff out nearby items.
Your experience applies equally to all skills.
You have a pair of small horns on your head.
You are frail. (-10% HP)
Your spells are a little harder to cast, but a little more powerful.


Message History

The orc warrior closely misses you. The orc warrior barely misses you.
You hit the orc warrior. You burn the orc warrior.
You bite the orc warrior, but do no damage.
The orc warrior is severely wounded.
You block the troll's attack. The troll barely misses you.
You block the troll's attack.
The orc warrior hits you with a +2 dire flail of protection!
The orc priest calls down the wrath of Beogh upon you.
Beogh smites you!
An orc comes into view. It is wielding a +0 club.
The orc warrior hits you with a +0 scimitar!
* * * LOW HITPOINT WARNING * * *
You hit the orc warrior but do no damage.
The orc warrior is severely wounded.
Dusana gestures at the orc while chanting.
The puff of frost hits the troll!
The orc priest looks satisfied for a moment.
The troll bites you but does no damage. You block the troll's attack.
The troll closely misses you.
The orc warrior hits you with a +2 dire flail of protection!
* * * LOW HITPOINT WARNING * * *
The orc warrior closely misses you.
An orc warrior comes into view. It is wielding a +0 halberd.
You swap places.
The orc warrior attacks as you move away!
The orc warrior closely misses you. The troll attacks as you move away!
The troll bites you but does no damage. The troll claws you.
* * * LOW HITPOINT WARNING * * *
The troll claws you but does no damage.
You howl as the wereblood boils in your veins!
Dusana hits the orc warrior with a +0 quarterstaff!!
The orc warrior dies!
The troll barely misses Dusana. x2
The troll claws Dusana but does no damage.
The orc warrior closely misses Dusana.
Dusana hits the troll with a +0 quarterstaff!
The troll bites Dusana!
The troll claws Dusana! x2
The orc priest calls down the wrath of Beogh upon you.
Beogh smites you!
You die... +....)...'.# #........### #####'#### ##.# #..# ####### #.## .$.oooo#### #.# $.ooooTR..#

####'#### ##
..:oooo##@###.......###
#. ..o.oo.
#).##.......'.###.
.o..o.o
##..#.......#.....
$...$..
##.'...[...#####.
...$... ###....(..# ##
$.....$ ######'##
####### ###..# #...##
###.####


You could see the friendly Dusana the battlemage, a troll (ally target), 4 orc
warriors, 2 orc priests and 2 orcs.

Vanquished Creatures
  Harold (D:11)
  A two-headed ogre (D:11)
  An orc sorcerer (Bailey)
  Pikel (D:7)
  A manticore (D:11)
  2 kobold demonologists (D:10)
  A komodo dragon (D:11)
  7 yaks (D:10)
  A vampire (D:10)
  A wraith (D:10)
  A steam dragon (D:9)
  Duvessa (D:7)
  A swamp drake (D:9)
  4 black bears
  An ice beast (D:5)
  10 orc warriors
  A wolf (D:9)
  A centaur (D:9)
  2 phantoms (D:5)
  3 kobold brigands
  A necrophage (D:6)
  A bullfrog (D:8)
  A scorpion (D:6)
  5 wights
  Dowan (D:7)
  3 killer bees (D:9)
  4 howler monkeys
  2 electric eels (Bailey)
  A hound (D:5)
  4 jellies
  9 orc priests
  8 iguanas
  5 orc wizards
  Robin (D:4)
  3 adders
  26 gnolls
  4 white imps
  3 worms
  2 dart slugs
  26 orcs
  5 endoplasms
  2 giant cockroaches (D:4)
  19 goblins
  10 hobgoblins
  12 jackals
  2 quokkas
  6 ball pythons
  5 bats
  32 kobolds
  A rat (D:3)
246 creatures vanquished.

Vanquished Creatures (collateral kills)
  Erica (D:11)
  A two-headed ogre (D:11)
  A kobold demonologist (Bailey)
  A troll (D:9)
  3 yaks (D:10)
  2 wyverns (D:9)
  3 steam dragons
  A water moccasin (D:8)
  2 sky beasts
  8 orc warriors
  2 wolves (D:9)
  2 lemures (D:7)
  A kobold brigand (D:10)
  A bullfrog (D:8)
  2 gnoll sergeants
  2 scorpions (D:9)
  4 wights
  6 killer bees (D:9)
  2 electric eels (Bailey)
  3 hounds
  2 orc priests
  An iguana (D:8)
  8 orc wizards
  8 gnolls
  18 orcs
  4 goblins (Bailey)
  2 hobgoblins
  11 kobolds
102 creatures vanquished.

Vanquished Creatures (others)
  A human (D:4)
  3 battlemagi
  14 plants (D:9)
18 creatures vanquished.

Grand Total: 366 creatures vanquished

Notes
Turn   | Place    | Note
-------+----------+-------------------------------------------
     0 | D:1      | DocClef the Gnoll Fighter began the quest for the Orb.
     0 | D:1      | Reached XP level 1. HP: 23/23 MP: 1/1
   182 | D:1      | Reached XP level 2. HP: 28/29 MP: 2/2
   965 | D:2      | Reached XP level 3. HP: 27/35 MP: 3/3
  1172 | D:2      | You fall into a shaft and drop 1 floor!
  1220 | D:3      | Found a faded altar of an unknown god.
  1412 | D:3      | Identified the +10 falchion of Estune Zusy {flame, rF+
                  | Stlth+}
  1488 | D:3      | Reached skill level 1 in Invocations
  1490 | D:3      | Reached skill level 1 in Short Blades
  1490 | D:3      | Reached skill level 1 in Long Blades
  1490 | D:3      | Reached skill level 1 in Axes
  1490 | D:3      | Reached skill level 1 in Polearms
  1490 | D:3      | Reached skill level 1 in Staves
  1490 | D:3      | Reached skill level 1 in Slings
  1490 | D:3      | Reached skill level 1 in Bows
  1490 | D:3      | Reached skill level 1 in Crossbows
  1490 | D:3      | Reached skill level 1 in Throwing
  1490 | D:3      | Reached skill level 1 in Dodging
  1490 | D:3      | Reached skill level 1 in Stealth
  1490 | D:3      | Reached skill level 1 in Unarmed Combat
  1490 | D:3      | Reached skill level 1 in Spellcasting
  1490 | D:3      | Reached skill level 1 in Evocations
  1492 | D:3      | Reached XP level 4. HP: 41/41 MP: 5/5
  1498 | D:3      | Found a shadowy altar of Dithmenos.
  2550 | D:2      | Reached skill level 1 in Conjurations
  2550 | D:2      | Reached skill level 1 in Hexes
  2550 | D:2      | Reached skill level 1 in Summonings
  2550 | D:2      | Reached skill level 1 in Necromancy
  2550 | D:2      | Reached skill level 1 in Translocations
  2550 | D:2      | Reached skill level 1 in Transmutations
  2550 | D:2      | Reached skill level 1 in Fire Magic
  2550 | D:2      | Reached skill level 1 in Ice Magic
  2550 | D:2      | Reached skill level 1 in Air Magic
  2550 | D:2      | Reached skill level 1 in Earth Magic
  2550 | D:2      | Reached skill level 1 in Poison Magic
  2562 | D:2      | Found a shimmering altar of Xom.
  2906 | D:4      | Found a hazy altar of Hepliaklqana.
  2971 | D:4      | Became a worshipper of Hepliaklqana the Forgotten
  2973 | D:4      | Reached XP level 5. HP: 47/47 MP: 6/6
  3097 | D:4      | Found a white marble altar of Elyvilon.
  3326 | D:4      | Noticed Robin
  3338 | D:4      | Killed Robin
  3570 | D:4      | Found a transporter.
  3613 | D:4      | Found a transporter.
  3712 | D:4      | Found an ancient bone altar of Kikubaaqudgha.
  3725 | D:4      | Noticed a human
  3727 | D:4      | Killed a human
  3768 | D:4      | Found a stormy altar of Qazlal.
  3815 | D:4      | Identified the +3 ring mail "Tuvyhie" {Fly Will+ Str+2}
  3957 | D:5      | Entered Level 5 of the Dungeon
  3987 | D:5      | Found a radiant altar of Vehumet.
  3994 | D:5      | Reached * piety under Hepliaklqana
  4060 | D:5      | Noticed a phantom
  4072 | D:5      | Killed a phantom
  4073 | D:5      | Reached XP level 6. HP: 47/47 MP: 8/8
  4127 | D:5      | Reached skill level 5 in Maces & Flails
  4320 | D:5      | Noticed a black bear
  4328 | D:5      | Killed a black bear
  4329 | D:5      | Reached XP level 7. HP: 53/53 MP: 10/10
  5089 | D:5      | Reached XP level 8. HP: 60/60 MP: 12/12
  5237 | D:5      | Found a snail-covered altar of Cheibriados.
  5519 | D:6      | Reached ** piety under Hepliaklqana
  5520 | D:6      | Remembered your ancestor Dusana as a battlemage
  5647 | D:7      | Noticed Pikel
  5657 | D:7      | Killed Pikel
  5796 | D:7      | Found a staircase to the Ecumenical Temple.
  5810 | Temple   | Entered the Ecumenical Temple
  5957 | D:7      | Noticed Duvessa
  5966 | D:7      | Killed Duvessa
  5966 | D:7      | Noticed Dowan
  5971 | D:7      | Killed Dowan
  6119 | D:7      | Found an iron altar of Okawaru.
  6195 | D:7      | Reached XP level 9. HP: 54/64 MP: 14/14
  7033 | D:6      | Found Ufodwer's Distillery.
  7562 | D:8      | Reached skill level 5 in Invocations
  7837 | D:8      | Reached *** piety under Hepliaklqana
  7919 | D:8      | Reached XP level 10. HP: 72/72 MP: 17/17
  7922 | D:8      | Learned a level 2 spell: Wereblood
  8427 | D:9      | Reached skill level 5 in Short Blades
  8427 | D:9      | Reached skill level 5 in Long Blades
  8427 | D:9      | Reached skill level 5 in Axes
  8427 | D:9      | Reached skill level 5 in Polearms
  8427 | D:9      | Reached skill level 5 in Staves
  8427 | D:9      | Reached skill level 5 in Slings
  8427 | D:9      | Reached skill level 5 in Bows
  8427 | D:9      | Reached skill level 5 in Crossbows
  8427 | D:9      | Reached skill level 5 in Throwing
  8427 | D:9      | Reached skill level 5 in Dodging
  8427 | D:9      | Reached skill level 5 in Stealth
  8427 | D:9      | Reached skill level 5 in Unarmed Combat
  8427 | D:9      | Reached skill level 5 in Spellcasting
  8427 | D:9      | Reached skill level 5 in Evocations
  9248 | D:9      | Found a bloodstained altar of Trog.
  9298 | D:9      | Found a staircase to the Lair.
  9503 | D:9      | Found a staircase to the Orcish Mines.
  9528 | D:9      | Gained mutation: You have a pair of small horns on your
                  | head. [potion of mutation]
  9528 | D:9      | Gained mutation: Your spells are a little harder to cast,
                  | but a little more powerful. [potion of mutation]
  9920 | D:10     | Entered Level 10 of the Dungeon
  9920 | D:10     | Reached **** piety under Hepliaklqana
  9953 | D:10     | Found a flagged portal.
  9970 | Bailey   | Entered a bailey
 10193 | Bailey   | Acquired a +0 cloak of stealth
 10210 | Bailey   | Reached XP level 11. HP: 78/78 MP: 19/19
 10663 | Bailey   | Found an iron altar of Okawaru.
 10663 | Bailey   | Noticed an orc sorcerer
 10668 | Bailey   | Killed an orc sorcerer
 10669 | Bailey   | Reached skill level 5 in Conjurations
 10669 | Bailey   | Reached skill level 5 in Hexes
 10669 | Bailey   | Reached skill level 5 in Summonings
 10669 | Bailey   | Reached skill level 5 in Necromancy
 10669 | Bailey   | Reached skill level 5 in Translocations
 10669 | Bailey   | Reached skill level 5 in Transmutations
 10669 | Bailey   | Reached skill level 5 in Fire Magic
 10669 | Bailey   | Reached skill level 5 in Ice Magic
 10669 | Bailey   | Reached skill level 5 in Air Magic
 10669 | Bailey   | Reached skill level 5 in Earth Magic
 10669 | Bailey   | Reached skill level 5 in Poison Magic
 10716 | Bailey   | Identified the +5 short sword "Wistex" {freeze, rElec rF-
                  | rC+ Stlth+}
 10717 | Bailey   | Identified the +6 rapier of Kuude {flame, rN+ Int+2}
 11260 | D:10     | Noticed a sixfirhy
 11276 | D:10     | Gained mutation: You are frail. (-10% HP) [a neqoxec]
 11692 | D:10     | Found Tuihusap's Assorted Antiques.
 11700 | D:10     | Bought 2 viscous cyan potions for 43 gold pieces
 11700 | D:10     | Bought a coppery potion for 21 gold pieces
 11922 | D:10     | Found a hide-covered altar of Uskayaw.
 12036 | D:11     | Noticed Erica
 12044 | D:11     | Killed Erica
 12068 | D:11     | Noticed a manticore
 12073 | D:11     | Killed a manticore
 12195 | D:11     | Noticed Harold
 12207 | D:11     | Killed Harold
 12303 | D:11     | Noticed a two-headed ogre
 12310 | D:11     | Killed a two-headed ogre
 12311 | D:11     | Reached XP level 12. HP: 74/76 MP: 20/22
 12390 | D:11     | Noticed a two-headed ogre
 12397 | D:11     | Killed a two-headed ogre
 12418 | D:11     | HP: 3/77 [troll (6)]
 12419 | D:11     | Killed from afar by an orc priest

Illustrated notes

Levels and vault maps discovered:
D:1:      lordsloth_arrival_two_stooges, layout_loops_ring
D:2:      layout_loops_corners, basic_altar, grunt_decor_one_mirror
D:3:      layout_loops_corners, lemuel_coloured_pillars_altar,
          shapermc_ecumenical_altar_gd, chequers_hall_statues_y
D:4:      gammafunk_steamed_eel, layout_basic, lemuel_round_altar,
          kennysheep_mini_moat, tgw_kikubaaqudgha,
          mainiacjoe_overflow_cross_hatched, serial_co_window_serial,
          co_window_of_opportunity_a, co_window_of_opportunity_a,
          co_window_paths_b, co_window_paths_b, co_window_paths_a,
          co_window_broadway_b, co_window_of_opportunity_b,
          co_window_broadway_a, co_window_broadway_a,
          co_window_of_opportunity_b, co_window_paths_d, glass_columns_b,
          glass_columns_a, glass_columns_a, glass_columns_a, glass_columns_a,
          serial_bayou_pond_e, uniq_robin
D:5:      minmay_goblin_kobold_castle, layout_basic,
          nicolae_vehumet_altar_sigil, cheibrodos_worm_habitat, hex_large,
          minmay_misc_feat_more_columns
D:6:      layout_basic, serial_shops, shop
D:7:      layout_basic, okawaru_metal_pillars_1_2,
          minmay_temple_entry_stoned_glass, uniq_duvessa, uniq_pikel
D:8:      layout_gridville
D:9:      layout_rooms, trog_butcher_becter, minmay_lair_entry_grove,
          erik_orc_1, minmay_tree_intersection
D:10:     layout_long_grid, mainiacjoe_overflow_alcove_2, serial_shops,
          nicolae_shop_hallway_stairs, enter_bailey_2
D:11:     layout_roguey [special_room_orc], uniq_erica, uniq_harold
Temple:   minmay_temple_bridge_abc

Skill      XL: |  1  2  3  4  5  6  7  8  9 10 11 12 |
---------------+-------------------------------------+-----
Invocations    | 1 2 3 4 5 6 7 |  7.6
Short Blades   | 1 2 3 4 5 6 7 |  7.0
Long Blades    | 1 2 3 4 5 6 7 |  7.0
Axes           | 1 2 3 4 5 6 7 |  7.0
Polearms       | 1 2 3 4 5 6 7 |  7.0
Staves         | 1 2 3 4 5 6 7 |  7.0
Slings         | 1 2 3 4 5 6 7 |  7.0
Bows           | 1 2 3 4 5 6 7 |  7.0
Crossbows      | 1 2 3 4 5 6 7 |  7.0
Throwing       | 1 2 3 4 5 6 7 |  7.0
Dodging        | 1 2 3 4 5 6 7 |  7.0
Stealth        | 1 2 3 4 5 6 7 |  7.0
Unarmed Combat | 1 2 3 4 5 6 7 |  7.0
Spellcasting   | 1 2 3 4 5 6 7 |  7.0
Evocations     | 1 2 3 4 5 6 7 |  7.0
Conjurations   | 1 2 3 4 5 |  5.8
Hexes          | 1 2 3 4 5 |  5.8
Summonings     | 1 2 3 4 5 |  5.8
Necromancy     | 1 2 3 4 5 |  5.8
Translocations | 1 2 3 4 5 |  5.8
Transmutations | 1 2 3 4 5 |  5.8
Fire Magic     | 1 2 3 4 5 |  5.8
Ice Magic      | 1 2 3 4 5 |  5.8
Air Magic      | 1 2 3 4 5 |  5.8
Earth Magic    | 1 2 3 4 5 |  5.8
Poison Magic   | 1 2 3 4 5 |  5.8
Maces & Flails | 5 6 7 8 |  8.4
Fighting       | 7 8 9 |  9.6
Armour         | 7 8 9 |  9.6
Shields        | 7 8 9 |  9.6

Action                   |  1- 3 |  4- 6 |  7- 9 | 10-12 || total
-------------------------+-------+-------+-------+-------++-------
Melee: Flail             |    70 |       |       |       ||    70
       Bite              |     5 |     9 |    23 |    34 ||    71
       Falchion          |     8 |   120 |   223 |   275 ||   626
       Headbutt          |       |       |       |    27 ||    27
Throw: Dart              |       |       |       |     2 ||     2
 Cast: Wereblood         |       |       |       |     1 ||     1
Invok: Ancestor Life: Ba |       |       |     1 |       ||     1
       Transference      |       |       |       |     2 ||     2
  Use: Scroll            |       |       |       |    22 ||    22
       Potion            |       |       |       |     1 ||     1
 Stab: Sleeping          |       |     2 |     6 |     5 ||    13
       Distracted        |       |       |     3 |     4 ||     7
Armor: Scale mail        |    43 |    43 |       |       ||    86
       Ring mail         |       |    20 |   136 |   151 ||   307
Dodge: Dodged            |    43 |    49 |   152 |   205 ||   449
Block: Buckler           |    22 |    32 |    63 |   102 ||   219

Table legend: (Time is in decaauts)
 A = Elapsed time spent in this place.
 B = Non-inter-level travel time spent in this place.
 C = Inter-level travel time spent in this place.
 D = Time resting spent in this place.
 E = Time spent auto-exploring this place.
 F = Levels seen in this place.
 G = Mean time per level.
                   A        B        C        D        E       F      G
               +--------+--------+--------+--------+--------+-----+--------+
         Total |  12516 |  12179 |    337 |    936 |   9101 |  13 |  962.8 |
       Dungeon |  11385 |  11074 |    311 |    838 |   8485 |  11 | 1035.0 |
        Temple |    140 |    114 |     26 |      0 |    107 |   1 |  140.0 |
        Bailey |    990 |    990 |      0 |     98 |    509 |   1 |  990.0 |
               +--------+--------+--------+--------+--------+-----+--------+

Top non-repeatable levels by time:
     D:5: 1512 daAuts
     D:9: 1304 daAuts
     D:7: 1282 daAuts
     D:8: 1160 daAuts
     D:3: 1152 daAuts
    D:10: 1106 daAuts
     D:4: 1066 daAuts
  Bailey: 990 daAuts
     D:1: 898 daAuts
     D:2: 882 daAuts
     D:6: 615 daAuts
    D:11: 403 daAuts
  Temple: 140 daAuts
